 Dungeon Crawl Stone Soup version 0.19.0-18-g426998a (webtiles) character file.

28 Delusion the Ruffian (level 2, 0/23 HPs)
             Began as a Draconian Transmuter on Nov 11, 2016.
             Slain by Sigmund
             ... wielding a +0 scythe
              (5 damage)
             ... on level 2 of the Dungeon.
             The game lasted 00:08:33 (1884 turns).

Delusion the Ruffian (Draconian Transmuter)         Turns: 1884, Time: 00:08:34

Health: 0/23       AC:  4    Str: 17    XL:     2   Next: 96%
Magic:  1/5        EV: 12    Int: 18    God:
Gold:   72         SH:  0    Dex: 11    Spells: 2 memorised, 2 levels left

rFire  . . .     SeeInvis .       - Unarmed
rCold  . . .     Gourm    .     (armour unavailable)
rNeg   . . .     Faith    .     (no shield)
rPois  .         Spirit   .     (helmet restricted)
rElec  .         Reflect  .     (no cloak)
rCorr  .         Harm     .     (no gloves)
MR     .....                    (no boots)
Stlth  +.........               (no amulet)
                                (no ring)
                                (no ring)

@: mighty, brilliant
A: unfitting armour, cold-blooded, AC +4
a: no special abilities


You were on level 2 of the Dungeon.
You were not hungry.

You visited 1 branch of the dungeon, and saw 2 of its levels.

You collected 72 gold pieces.

Inventory:

Missiles
 a - 48 arrows
Scrolls
 f - a scroll of random uselessness {unknown}
 g - a scroll of immolation {unknown}
 i - 2 scrolls of teleportation {unknown}
 j - a scroll of magic mapping {unknown}
 k - 2 scrolls of identify {unknown}
Potions
 e - 2 potions of brilliance
Books
 b - a book of Changes

   Spells                             Type                      Level
   a - Beastly Appendage              Transmutation                1
   b - Sticks to Snakes               Transmutation                2
   c - Spider Form                    Transmutation/Poison         3
   d - Ice Form                       Ice/Transmutation            4
   e - Blade Hands                    Transmutation                5
Comestibles
 c - a bread ration
 d - 7 fruits
 l - 2 chunks of flesh


   Skills:
 + Level 1.3 Fighting
 + Level 2.1 Dodging
 + Level 3.4 Unarmed Combat
 + Level 2.2 Spellcasting
 + Level 2.2 Transmutations


You had 2 spell levels left.
You knew the following spells:

 Your Spells              Type           Power        Failure   Level  Hunger
a - Beastly Appendage     Tmut           ###...       1%          1    #......
b - Sticks to Snakes      Tmut           ###.....     1%          2    ##.....


Dungeon Overview and Level Annotations

Branches:
Dungeon (2/15)

Altars:
Uskayaw

Annotations:
D:2 Sigmund


Innate Abilities, Weirdness & Mutations

Your plain brown scales are hard. (AC +4)
You cannot fit into any form of body armour.
You are cold-blooded and may be slowed by cold attacks.


Message History

Sigmund zaps a wand.
Your ball python evaporates and reforms as an orc!
Sigmund hits you but does no damage.
Your orc barely misses Sigmund.
Sigmund mumbles some strange words.
Sigmund flickers and vanishes!
Something hits you but does no damage.
You hear some strange, mumbled words.
Your orc resists with significant effort.
You hear some strange, mumbled words.
Your orc appears confused.
Your orc closely misses something.
Something hits you but does no damage. Something hits you but does no damage.
Your orc hits you.
* * * LOW HITPOINT WARNING * * *
Your orc hits you.
* * * LOW HITPOINT WARNING * * *
You feel less woody.
Your ball python withers and dies!
Something hits you.
You die...

#.# # #.# # #.# #
#.# ## #.# #. #.#
###. #{# #... #o#
#...
#@#############...
#...)...........#.
#################.
##


You could see a friendly orc (confused).

Vanquished Creatures
  An ooze (D:1)
  2 leopard geckos (D:1)
  3 bats
  3 goblins
  A hobgoblin (D:1)
  3 frilled lizards (D:1)
  4 kobolds (D:1)
  3 rats
20 creatures vanquished.

Vanquished Creatures (collateral kills)
  A leopard gecko (D:2)
  A rat (D:2)
2 creatures vanquished.

Grand Total: 22 creatures vanquished

Notes
Turn   | Place    | Note
-------+----------+-------------------------------------------
     0 | D:1      | Delusion the Draconian Transmuter began the quest for the Orb.
     0 | D:1      | Reached XP level 1. HP: 16/16 MP: 3/3
   535 | D:1      | Reached XP level 2. HP: 19/23 MP: 5/5
   657 | D:1      | Learned a level 2 spell: Sticks to Snakes
  1625 | D:2      | Found a faded altar of an unknown god.
  1625 | D:2      | Found a faded altar of an unknown god.
  1636 | D:2      | Found a hide-covered altar of Uskayaw.
  1639 | D:2      | Found a faded altar of an unknown god.
  1641 | D:2      | Found a faded altar of an unknown god.
  1799 | D:2      | Noticed Sigmund
  1884 | D:2      | Slain by Sigmund

Skill      XL: |  1  2 |
---------------+-------+-----
Dodging        | 2 |  2.1
Fighting       | |  1.3
Unarmed Combat | |  3.4
Spellcasting   | |  2.2
Transmutations | |  2.2

Action                   || total
-------------------------++-------
Melee: Unarmed           ||    82
       Tailslap          ||     7
       Punch             ||     1
       Kick              ||     1
       Headbutt          ||     1
 Cast: Beastly Appendage ||     6
       Sticks to Snakes  ||     5
  Use: Potion            ||     2
  Eat: Bread ration      ||     1
Armor: Skin              ||    43
Dodge: Dodged            ||    89
